 Dungeon Crawl Stone Soup version 0.28.0 (webtiles) character file.

Game seed: 3322037789145006620

11078 BALLS the Fighter (level 11, -10/64 HPs)
             Began as a Vine Stalker Fighter on June 30, 2022.
             Was an Elder of Okawaru.
             Killed from afar by a bog body (24 damage)
             ... with a bolt of cold
             ... on level 2 of the Lair of Beasts.
             The game lasted 00:18:57 (9823 turns).

BALLS the Fighter (Vine Stalker Fighter)            Turns: 9823, Time: 00:18:57

Health: -10/64     AC: 15    Str: 24    XL:     11   Next: 72%
Magic:  0/17       EV: 14    Int:  8    God:    Okawaru [****..]
Gold:   695        SH: 13    Dex: 25    Spells: 10/10 levels left

rFire   . . .      SeeInvis .   a - +0 long sword
rCold   . . .      Faith    .   c - +0 buckler
rNeg    . . .      Spirit   +   b - +0 scale mail
rPois   .          Reflect  +   m - +1 helmet
rElec   .          Harm     .   w - +0 cloak
rCorr   .          Rampage  .   F - +1 pair of gloves
Will    +....                   (no boots)
Stlth   ++........              D - amulet of reflection
HPRegen 1.00/turn               o - +6 ring of dexterity
MPRegen 0.15/turn               G - +6 ring of dexterity

@: heroic, slowed, very slow
A: fangs 3, regeneration 1, magic shield, antimagic bite, no potion heal 2
a: Renounce Religion, Heroism, Finesse


You were on level 2 of the Lair of Beasts.
You worshipped Okawaru.
Okawaru was greatly pleased with you.
You visited 3 branches of the dungeon, and saw 12 of its levels.

You collected 695 gold pieces.

Inventory:

Hand Weapons
 a - a +0 long sword (weapon)
Armour
 b - a +0 scale mail (worn)
 c - a +0 buckler (worn)
 m - a +1 helmet (worn)
 w - a +0 cloak (worn)
 F - a +1 pair of gloves (worn)
Jewellery
 o - a +6 ring of dexterity (left hand)
 D - an amulet of reflection (around neck)
 G - a +6 ring of dexterity (right hand)
Wands
 l - a wand of iceblast (8)
 y - a wand of polymorph (11)
 B - a wand of flame (7)
Scrolls
 e - 5 scrolls of teleportation
 f - 3 scrolls of immolation
 g - 2 scrolls of amnesia {unknown}
 h - a scroll of fog {unknown}
 q - a scroll of acquirement {unknown}
 r - 2 scrolls of enchant weapon
 s - 2 scrolls of fear {unknown}
 t - 2 scrolls of brand weapon {unknown}
 x - 2 scrolls of blinking {unknown}
 A - 3 scrolls of vulnerability {unknown}
 E - a scroll of enchant armour {unknown}
Potions
 d - 3 potions of might
 i - 2 potions of cancellation {unknown}
 j - 2 potions of brilliance {unknown}
 k - 5 potions of curing
 n - 2 potions of haste {unknown}
 p - 2 potions of ambrosia {unknown}
 u - a potion of resistance
 v - a potion of heal wounds {unknown}
 z - 2 potions of flight {unknown}
 C - 3 potions of mutation {unknown}


   Skills:
 + Level 10.3(15.3) Fighting
 + Level 10.3(15.3) Long Blades
 - Level 5.0(10.0) Armour
 - Level 5.0(10.0) Shields
 - Level 7.0 Invocations


You had 10 spell levels left.
You didn't know any spells.
Your spell library contained the following spells:

 Spells                   Type           Power      Damage    Failure   Level
 Magic Dart               Conj           0%         1d3       73%         1
 Pain                     Necr           0%         1d4       73%         1
 Shock                    Conj/Air       0%         1d3       73%         1
 Searing Ray              Conj           0%         2d4       86%         2
 Static Discharge         Conj/Air       0%         N/A       86%         2
 Conjure Flame            Conj/Fire      0%         6-21      97%         3
 Ignite Poison            Fire/Tmut/Pois 0%         N/A       97%         3
 Swiftness                Air            0%         N/A       97%         3
 Airstrike                Air            0%         N/A       100%        4
 Fulminant Prism          Conj/Hex       0%         3d6       100%        4
 Hailstorm                Conj/Ice       0%         3d3       100%        4
 Ice Form                 Ice/Tmut       0%         N/A       100%        4
 Sticky Flame             Conj/Fire      0%         2d3       100%        4
 Agony                    Necr           0%         N/A       100%        5
 Excruciating Wounds      Necr           0%         N/A       100%        5
 Lightning Bolt           Conj/Air       0%         1d11      100%        5
 Maxwell's Capacitive Co  Air            0%         ∞         100%        8
 Simulacrum               Ice/Necr       Unusable   N/A       N/A         6

Dungeon Overview and Level Annotations

Branches:
Dungeon (9/15)             Temple (1/1) D:7            Lair (2/6) D:9
  Swamp (0/4) Lair:2
  Snake: Lair:2-4    Spider: Lair:2-4       Orc: D:9-12

Altars:
Ashenzari
Cheibriados
Dithmenos
Elyvilon
Fedhas
Gozag
Hepliaklqana
Kikubaaqudgha
Makhleb
Nemelex Xobeh
Okawaru
Qazlal
Ru
Sif Muna
Trog
Uskayaw
Vehumet
Wu Jian
Xom
Yredelemnul
Zin
The Shining One

Annotations:
D:7 1 runed translucent door, Moochin's ghost, amateur HOFi
Lair:2 2 transporters


Innate Abilities, Weirdness & Mutations

You have razor-sharp teeth.
Your natural rate of healing is unusually fast.
When hurt, damage is shared between your health and your magic reserves.
Your bite disrupts and absorbs the magic of your enemies.
Potions cannot restore your health.


Message History

You slash the bog body! You bite the bog body!
The bog body's magic leaks into the air.
You drain its magic.
You feel invigorated.
The bog body is almost destroyed.
You block the bog body's attack.
You hit the bog body but do no damage.
The bog body is almost destroyed.
The bog body falters for a moment.
You closely miss the bog body. Your bite misses the bog body.
The bog body is almost destroyed.
You block the bog body's attack.
You hit the bog body.
You destroy the bog body!
Okawaru accepts your kill.
You start resting.
HP restored.
There is a stone staircase leading down here.
There is a stone staircase leading down here.
You enter the shallow water.
Moving in this stuff is going to be slow.
A bog body comes into view.
Found a staircase to the Swamp.
The bog body casts a spell at you.
You feel yourself slow down.
The bog body gestures at you while chanting.
The bolt of cold hits you but does no damage.
The bog body touches you. The bog body freezes you!!
You slash the bog body!
The bog body is moderately damaged.
The bog body touches you! The bog body freezes you!!
* * * LOW HITPOINT WARNING * * *
You slash the bog body! You bite the bog body.
The bog body's magic leaks into the air.
You drain its magic.
You feel invigorated.
The bog body is severely damaged.
You block the bog body's attack.
You gain the combat prowess of a mighty hero.
The bog body gestures at you while chanting.
The bolt of cold hits you!!!
You die...

## ### ### #########
.#####P#.P###.###PP.#...###
....................>.....#
.....####...#....###.#P..##
.....# ####.....P#####..#
.....## #......### #...#
..+...# ##..⌠⌠n.#.###...##
..#..## #..♣..♣@##.......#
.....#####..♣..♣..>...<...#
..#........♣♣..♣♣........##
...........♣≈..≈♣.........#
..#........♣≈..≈♣.........#
#..........♣≈♣.≈♣[#......##
...........♣≈..≈♣..#.....#
..........♣♣≈♣.♣♣♣♣#.....#
..........♣♣≈..♣♣ #..(..#


You could see a bog body (magic disrupted).

Vanquished Creatures
  2 two-headed ogres (D:9)
  3 bog bodies (Lair:2)
  Maurice (D:9)
  2 cane toads (Lair:1)
  A rime drake (Lair:2)
  Grinder (D:5)
  A polar bear (Lair:2)
  8 blink frogs (Lair:1)
  Sigmund (D:4)
  A shadow (D:9)
  4 yaks
  A wyvern (D:8)
  A swamp worm (Lair:2)
  3 orc warriors
  4 water moccasins
  An ice beast (D:5)
  A sky beast (D:6)
  A black bear (Lair:2)
  3 necrophages
  3 ogres
  5 centaurs
  2 phantoms (D:6)
  Blork the orc (D:5)
  A gnoll sergeant (D:7)
  7 bullfrogs
  4 scorpions
  A water moccasin zombie (D:5)
  A water moccasin skeleton (D:4)
  3 wights (D:8)
  4 electric eels (Lair:2)
  7 howler monkeys
  A bullfrog zombie (D:6)
  2 jellies
  A centaur skeleton (D:6)
  A centaur zombie (D:9)
  2 orc priests
  A bullfrog skeleton (D:4)
  5 orc wizards
  A scorpion zombie (D:3)
  Natasha (thrice) (D:3)
  An iguana (D:6)
  A howler monkey zombie (D:7)
  Robin (D:4)
  9 gnolls
  8 adders
  A shadow imp (D:8)
  3 white imps
  An ufetubus (D:5)
  An adder skeleton (D:5)
  A worm (D:4)
  A dart slug (D:1)
  17 orcs
  4 ball pythons
  4 bats
  9 endoplasms
  2 giant cockroaches
  15 goblins
  5 hobgoblins
  11 jackals
  A quokka (D:4)
  4 frilled lizards (D:1)
  5 kobolds
  6 rats
207 creatures vanquished.

Vanquished Creatures (others)
  8 fungi
  31 plants
39 creatures vanquished.

Grand Total: 246 creatures vanquished

Notes
Turn   | Place    | Note
-------+----------+-------------------------------------------
     0 | D:1      | BALLS the Vine Stalker Fighter began the quest for the Orb.
     0 | D:1      | Reached XP level 1. HP: 11/11 MP: 2/2
   112 | D:1      | Found a faded altar of an unknown god.
   121 | D:1      | Reached XP level 2. HP: 16/16 MP: 3/3
   670 | D:1      | Reached XP level 3. HP: 19/19 MP: 4/4
  1233 | D:2      | Gained mutation: Your natural rate of healing is unusually
                  | fast. [Vine Stalker growth]
  1233 | D:2      | Reached XP level 4. HP: 16/23 MP: 3/5
  1608 | D:2      | Identified the +0 dagger of Death's Door {vorpal, Drain
                  | Str+3 Dex+3}
  1809 | D:3      | Noticed Natasha
  1816 | D:3      | Killed Natasha
  1817 | D:3      | Reached XP level 5. HP: 19/27 MP: 4/6
  1873 | D:3      | Noticed Natasha
  1881 | D:3      | Killed Natasha
  1882 | D:3      | Reached skill level 5 in Long Blades
  1944 | D:3      | Noticed Natasha
  1953 | D:3      | Killed Natasha
  2043 | D:3      | Reached XP level 6. HP: 32/32 MP: 7/7
  2223 | D:3      | Found a glowing golden altar of the Shining One.
  2609 | D:4      | Noticed Robin
  2615 | D:4      | Noticed a necrophage
  2665 | D:4      | Killed Robin
  2681 | D:4      | Killed a necrophage
  2682 | D:4      | Reached XP level 7. HP: 27/35 MP: 8/8
  2901 | D:4      | Found a hazy altar of Hepliaklqana.
  3171 | D:4      | Noticed Sigmund
  3187 | D:4      | Killed Sigmund
  3188 | D:4      | Reached skill level 5 in Fighting
  3188 | D:4      | Gained mutation: You have razor-sharp teeth. [Vine Stalker
                  | growth]
  3188 | D:4      | Reached XP level 8. HP: 41/43 MP: 7/9
  3382 | D:5      | Entered Level 5 of the Dungeon
  3450 | D:5      | Noticed Blork the orc
  3462 | D:5      | Killed Blork the orc
  3675 | D:5      | Noticed Grinder
  3690 | D:5      | Killed Grinder
  3820 | D:5      | Found a bloodstained altar of Trog.
  4092 | D:5      | Found a white marble altar of Elyvilon.
  4178 | D:5      | Reached XP level 9. HP: 47/47 MP: 10/10
  4538 | D:6      | Found an ornate altar of the Wu Jian Council.
  5008 | D:7      | Found a runed translucent door.
  5008 | D:7      | Found a shimmering altar of Xom.
  5008 | D:7      | Noticed Moochin's ghost (amateur HOFi)
  5010 | D:7      | Noticed a +1 whip of chaos
  5649 | D:7      | Found a radiant altar of Vehumet.
  5753 | D:7      | Found a staircase to the Ecumenical Temple.
  5759 | Temple   | Entered the Ecumenical Temple
  5808 | Temple   | Became a worshipper of Warmaster Okawaru
  6014 | D:8      | Reached skill level 1 in Invocations
  6214 | D:8      | Found a broken altar of Ashenzari.
  6385 | D:8      | Reached * piety under Okawaru
  6397 | D:8      | Reached XP level 10. HP: 45/53 MP: 9/14
  6533 | D:8      | Found a shimmering altar of Xom.
  6844 | D:9      | Noticed a two-headed ogre
  6897 | D:8      | Reached skill level 5 in Invocations
  7119 | D:9      | Killed a two-headed ogre
  7119 | D:9      | Reached ** piety under Okawaru
  7120 | D:9      | Reached skill level 10 in Long Blades
  7208 | D:9      | Found a snail-covered altar of Cheibriados.
  7350 | D:9      | Noticed a two-headed ogre
  7358 | D:9      | Killed a two-headed ogre
  7625 | D:9      | Noticed Maurice
  7639 | D:9      | Killed Maurice
  7640 | D:9      | Reached skill level 5 in Shields
  7838 | D:9      | Found a staircase to the Lair.
  7934 | Lair:1   | Entered Level 1 of the Lair of Beasts
  7976 | Lair:1   | Reached *** piety under Okawaru
  7994 | Lair:1   | Reached skill level 5 in Armour
  8004 | Lair:1   | Reached XP level 11. HP: 31/58 MP: 13/17
  8914 | Lair:2   | Noticed a bog body
  8925 | Lair:2   | Killed a bog body
  8925 | Lair:2   | Reached **** piety under Okawaru
  8929 | Lair:2   | Noticed a bog body
  8938 | Lair:2   | Killed a bog body
  8973 | Lair:2   | Found a transporter.
  9098 | Lair:2   | Found a transporter.
  9247 | Lair:2   | Reached skill level 10 in Fighting
  9460 | Lair:2   | Noticed a fire crab
  9734 | Lair:2   | Noticed a bog body
  9753 | Lair:2   | Killed a bog body
  9805 | Lair:2   | Found a staircase to the Swamp.
  9805 | Lair:2   | Noticed a bog body
  9823 | Lair:2   | Killed from afar by a bog body

Illustrated notes

Levels and vault maps discovered:
D:1:      saegor_arrival_simple_e, layout_basic, basic_ecumenical_altar
D:2:      layout_rooms, minmay_puff
D:3:      layout_rooms, mainiacjoe_overflow_alcove_2, serial_glass,
          glass_columns_b, glass_columns_b, uniq_natasha
D:4:      layout_loops_ring, nzn_hepliaklqana_mist_gate, kennysheep_crisscross,
          chequers_avenue, uniq_robin, uniq_sigmund
D:5:      layout_loops_ring, amcnicky_altar_gilded, lightli_temple_of_fire,
          minmay_fountain_box, uniq_blork_the_orc, uniq_grinder
D:6:      layout_gridville, pdpol_wu_jian_five_deadly_venoms,
          minmay_misc_feat_square
D:7:      layout_loops_ring, fiery_altar_vehumet, minmay_temple_entry_fiery,
          ebering_ghost_xom
D:8:      layout_basic, brannock_xom_greatest_gift, nicolae_ashenzari_skybound,
          amcnicky_mini_rare_corridor_liquid, chequers_serial_rivers_micro_d
D:9:      layout_stronghold, chei_slow_surprise, grunt_lair_entry_orc_guard_hut,
          chequers_jeans, uniq_maurice
Temple:   dshaligram_water_room_temple
Lair:1:   layout_regular_city, serial_bayou_shore_a
Lair:2:   gammafunk_cloud_chamber, layout_chaotic_city,
          nicolae_swamp_entry_splash_gauntlet, serial_bayou_lake_a

Skill      XL: |  1  2  3  4  5  6  7  8  9 10 11 |
---------------+----------------------------------+-----
Long Blades    | 2 3 4 5 6 7 8 9 10 | 10.3
Fighting       | 5 7 10 | 10.3
Shields        | 4 5 |  5.0
Armour         | 4 5 |  5.0
Invocations    | 4 7 |  7.0

Action                   |  1- 3 |  4- 6 |  7- 9 | 10-12 || total
-------------------------+-------+-------+-------+-------++-------
Melee: Long sword        |    74 |   176 |   265 |   261 ||   776
       Bite              |    14 |    46 |    97 |    99 ||   256
Invok: Heroism           |       |       |       |     6 ||     6
  Use: Potion            |       |       |     1 |       ||     1
       Scroll            |       |       |     5 |       ||     5
Armor: Scale mail        |    37 |    60 |   105 |    87 ||   289
Dodge: Dodged            |    30 |    69 |    98 |    87 ||   284
Block: Buckler           |    12 |    48 |    61 |    89 ||   210
       Reflection        |       |       |       |     1 ||     1
